 Dungeon Crawl Stone Soup version 0.29-a0-322-g68df515428 (webtiles) character file.

Game seed: 11354565920081790350

36 kae the Firebug (level 3, 0/20 HPs)
             Began as a Tengu Fire Elementalist on Apr 8, 2022.
             Succumbed to a goblin's poison
             ... on level 2 of the Dungeon.
             The game lasted 00:00:41 (1246 turns).

kae the Firebug (Tengu Fire Elementalist)           Turns: 1246, Time: 00:00:41

Health: 0/20       AC:  3    Str:  8    XL:     3   Next: 37%
Magic:  4/7        EV: 12    Int: 17    God:
Gold:   60         SH:  0    Dex: 14    Spells: 5/6 levels left

rFire   . . .      SeeInvis .   e - staff of earth
rCold   . . .      Faith    .   (no shield)
rNeg    . . .      Spirit   .   a - +1 robe
rPois   .          Reflect  .   (helmet restricted)
rElec   .          Harm     .   (no cloak)
rCorr   .          Rampage  .   (no gloves)
Will    .....                   (boots unavailable)
Stlth   ++........              (no amulet)
HPRegen 0.06/turn               f - +4 ring of slaying
MPRegen 0.10/turn               (no ring)

@: lethally poisoned (0 -> -2)
A: beak, talons 3
a: no special abilities


You were on level 2 of the Dungeon.
You visited 1 branch of the dungeon, and saw 2 of its levels.

You collected 60 gold pieces.

Inventory:

Hand Weapons
 g - a +0 short sword
Armour
 a - a +1 robe (worn)
Magical Staves
 e - a staff of earth (weapon)
Jewellery
 d - a ring of wizardry
 f - a +4 ring of slaying (left hand)
 h - a +6 ring of strength
Scrolls
 k - 2 scrolls of identify {unknown}
Potions
 b - a potion of magic
 c - 2 potions of curing {unknown}
 i - a potion of flight {unknown}
 j - a potion of heal wounds {unknown}


   Skills:
 + Level 1.0 Fighting
 + Level 0.1 Staves
 + Level 1.0 Armour
 + Level 2.5 Dodging
 - Level 2.0 Stealth
 + Level 2.2 Spellcasting
 + Level 2.0 Conjurations
 + Level 3.5 Fire Magic
 + Level 0.3 Evocations


You had 5 spell levels left.
You knew the following spells:

 Your Spells              Type           Power      Damage    Failure   Level
a - Foxfire               Conj/Fire      44%        2x1d6     6%          1

Your spell library contained the following spells:

 Spells                   Type           Power      Damage    Failure   Level
 Scorch                   Fire           26%        2d6       7%          2
 Conjure Flame            Conj/Fire      11%        6-21      19%         3
 Inner Flame              Hex/Fire       7%         N/A       28%         3
 Flame Wave               Conj/Fire      11%        2d5       52%         4
 Summon Forest            Summ/Tloc      0%         N/A       99%         5
 Summon Mana Viper        Hex/Summ       1%         N/A       99%         5
 Summon Cactus Giant      Summ           0%         N/A       100%        6


Dungeon Overview and Level Annotations

Branches:
Dungeon (2/15)

Altars:


Innate Abilities, Weirdness & Mutations

You have a beak for a mouth.
You have claws for feet.


Message History

The goblin is severely wounded.
The goblin hits you with a +0 dagger. The goblin closely misses you.
You closely miss the goblin. Your peck misses the goblin.
The goblin is severely wounded.
The goblin hits you with a +0 dagger.
You hit the goblin.
You kill the goblin!
You are too injured to fight recklessly!
You are too injured to fight recklessly!
You hit the goblin!
You kill the goblin!
You are too injured to fight recklessly!
You are too injured to fight recklessly!
Casting: Foxfire (safe; 6% risk of failure)
Confirm with . or Enter, or press ? or * to list all spells.
You conjure some foxfire!
The goblin hits you with a +0 dagger of venom.
You are poisoned.
Your foxfire dissipates!
You feel sick.
The foxfire hits the goblin.
You kill the goblin!
Casting: Foxfire (safe; 6% risk of failure)
Confirm with . or Enter, or press ? or * to list all spells.
You conjure some foxfire!
You feel sick.
You feel sick.
The foxfire hits the hobgoblin.
The hobgoblin is heavily wounded.
The foxfire hits the hobgoblin.
The hobgoblin is severely wounded.
The hobgoblin barely misses you.
Okay, then.
You closely miss the hobgoblin. Your kick misses the hobgoblin.
The hobgoblin is severely wounded.
You feel sick. The hobgoblin hits you.
* * * LOW HITPOINT WARNING * * *
Casting: Foxfire (safe; 6% risk of failure)
Confirm with . or Enter, or press ? or * to list all spells.
You conjure some foxfire!
* * * LOW HITPOINT WARNING * * *
You feel sick. The hobgoblin barely misses you.
You die...

######### ......†.#
###### #.# #.)).#
##.#### #.##.#
#.....# #)# .g
#.....# #)# #.#
######.....#####g###
#
.....'.........v@v>#
######.....#####.#.#
#.....# #...#
#.....# #####
##.#### #.# #.# #.#
#..


You could see a hobgoblin (ally target).

Vanquished Creatures
  An adder (D:2)
  An endoplasm (D:1)
  A giant cockroach (D:1)
  8 goblins (D:2)
  3 hobgoblins
  3 ball pythons (D:1)
  3 bats (D:1)
  A kobold (D:1)
  5 rats
26 creatures vanquished.

Vanquished Creatures (others)
  49 foxfires
49 creatures vanquished.

Grand Total: 75 creatures vanquished

Notes
Turn   | Place    | Note
-------+----------+-------------------------------------------
     0 | D:1      | kae the Tengu Fire Elementalist began the quest for the
                  | Orb.
     0 | D:1      | Reached XP level 1. HP: 10/10 MP: 4/4
   294 | D:1      | Reached XP level 2. HP: 16/16 MP: 4/6
   621 | D:1      | Found a faded altar of an unknown god.
  1015 | D:2      | Reached XP level 3. HP: 12/20 MP: 2/7
  1228 | D:2      | Reached skill level 1 in Armour
  1229 | D:2      | Reached skill level 1 in Fighting
  1245 | D:2      | HP: 1/20 [poisoned by a goblin]
  1246 | D:2      | Succumbed to a goblin's poison

Illustrated notes

Levels and vault maps discovered:
D:1:      dpeg_arrival_signposts, layout_basic, basic_ecumenical_altar
D:2:      layout_basic, serial_shops, shop_fountains, uniq_terence,
          uniq_jessica, uniq_robin

Skill      XL: |  1  2  3 |
---------------+----------+-----
Conjurations   | 2 |  2.0
Armour         | 1 |  1.0
Fighting       | 1 |  1.0
Staves         | |  0.1
Dodging        | |  2.5
Stealth        | |  2.0
Spellcasting   | |  2.2
Fire Magic     | |  3.5
Evocations     | |  0.3

Action                   || total
-------------------------++-------
Melee: Unarmed           ||    10
       Peck              ||     2
       Short sword       ||     6
       Kick              ||     4
       Staff             ||    16
 Cast: Foxfire           ||    32
  Use: Scroll            ||     3
 Stab: Sleeping          ||     2
Armor: Robe              ||    13
Dodge: Dodged            ||    25

Table legend: (Time is in decaauts)
 A = Elapsed time spent in this place.
 B = Non-inter-level travel time spent in this place.
 C = Inter-level travel time spent in this place.
 D = Time resting spent in this place.
 E = Time spent auto-exploring this place.
 F = Levels seen in this place.
 G = Mean time per level.
                   A        B        C        D        E       F      G
               +--------+--------+--------+--------+--------+-----+--------+
         Total |   1248 |   1238 |     10 |    156 |    883 |   2 |  624.0 |
       Dungeon |   1248 |   1238 |     10 |    156 |    883 |   2 |  624.0 |
               +--------+--------+--------+--------+--------+-----+--------+

Top non-repeatable levels by time:
     D:1: 991 daAuts
     D:2: 256 daAuts
